 Dungeon Crawl Stone Soup version 0.28-a0-265-g048bc9fd10 (webtiles) character file.

Game seed: 8721249711024411784

6792 senseless the Slicer (level 10, -15/84 HPs)
             Began as a Demigod Fighter on Aug 27, 2021.
             Killed from afar by Erica (23 damage)
             ... with a lance of force
             ... on level 8 of the Dungeon.
             The game lasted 00:25:32 (7718 turns).

senseless the Slicer (Demigod Fighter)              Turns: 7718, Time: 00:25:33

Health: -15/84     AC: 13    Str: 21    XL:     10   Next: 48%
Magic:  13/13      EV: 12    Int: 14    God:
Gold:   304        SH:  0    Dex: 17    Spells: 9/9 levels left

rFire   . . .      SeeInvis .   d - +4 scimitar (freeze)
rCold   . . .      Faith    .   c - +0 kite shield
rNeg    . . .      Spirit   .   y - +0 acid dragon scales
rPois   +          Reflect  .   b - +0 helmet
rElec   .          Harm     .   g - +2 cloak {rPois}
rCorr   +          Rampage  .   l - +0 pair of gloves
Will    +....                   (no boots)
Stlth   +.........              s - amulet of regeneration
HPRegen 1.24/turn               (no ring)
MPRegen 0.13/turn               (no ring)

@: confused, slowed, very slow
A: high mp 1, forlorn
a: no special abilities


You were on level 8 of the Dungeon.
You visited 1 branch of the dungeon, and saw 9 of its levels.
You also visited: Ossuary.

You collected 402 gold pieces.
You spent 98 gold pieces at shops.

Inventory:

Hand Weapons
 d - a +4 scimitar of freezing (weapon)
 n - a +5 rapier of venom
 x - a +1 war axe of flaming
Missiles
 i - 4 boomerangs (quivered)
Armour
 b - a +0 helmet (worn)
 c - a +0 kite shield (worn)
 g - a +2 cloak of poison resistance (worn)
 l - a +0 pair of gloves (worn)
 y - +0 acid dragon scales (worn)
Jewellery
 r - a ring of fire
 s - an amulet of regeneration (around neck)
 H - an amulet of the acrobat
Wands
 k - a wand of paralysis (12)
 q - a wand of iceblast (11)
 t - a wand of flame (11)
 G - a wand of polymorph (2)
Scrolls
 f - 3 scrolls of identify
 j - 2 scrolls of blinking
 o - 3 scrolls of teleportation
 p - 2 scrolls of summoning
 u - 5 scrolls of fog
 w - 3 scrolls of magic mapping
 A - a scroll of amnesia
Potions
 a - a potion of lignification {unknown}
 e - 2 potions of cancellation
 m - 4 potions of curing
 v - 2 potions of magic
 z - 2 potions of flight
 B - 2 potions of ambrosia
 C - a potion of invisibility
 D - a potion of haste {unknown}
 F - 2 potions of attraction


   Skills:
 + Level 6.4 Fighting
 + Level 8.5(9.1) Short Blades
 + Level 5.1(7.5) Long Blades
 + Level 1.7 Throwing
 + Level 6.5 Armour
 + Level 4.6 Dodging
 + Level 2.1 Stealth
 + Level 6.3 Shields


You had 9 spell levels left.
You didn't know any spells.
Your spell library contained the following spells:

 Spells                   Type           Power      Damage    Failure   Level
 Summon Small Mammal      Summ           0%         N/A       73%         1
 Blink                    Tloc           N/A        N/A       86%         2
 Slow                     Hex            0%         N/A       86%         2
 Confusing Touch          Hex            0%         N/A       97%         3
 Manifold Assault         Tloc           0%         N/A       100%        5
 Yara's Violent Unravell  Hex/Tmut       0%         3d3       100%        5
 Storm Form               Tmut/Air       0%         N/A       100%        7


Dungeon Overview and Level Annotations

Branches:
Dungeon (9/15)             Temple (0/1) D:5         Ossuary (visited)
   Lair: D:8-11         Orc: D:9-12

Shops:
D:1 !:[[?   D:3 *   D:5 *   D:6 *

Annotations:
D:8 Erica


Innate Abilities, Weirdness & Mutations

Your attributes grow dramatically as you level up.
You have an increased reservoir of magic. (+10% MP)
You shall have no god before yourself.


Message History

You block the wraith's attack. Something hits you! Something burns you.
* * * LOW HITPOINT WARNING * * *
You hit the wraith.
The wraith is lightly damaged.
You block the wraith's attack. Something hits you.
* * * LOW HITPOINT WARNING * * *
Something burns you.
* * * LOW HITPOINT WARNING * * *
You barely miss the wraith.
The wraith is lightly damaged.
You block the wraith's attack.
You hear some strange, mumbled words.
You are confused.
The wraith misses you.
You feel much better. Something hits you! Something burns you.
* * * LOW HITPOINT WARNING * * *
The wraith closely misses you.
You slash something! You freeze something. Something hits you.
* * * LOW HITPOINT WARNING * * *
Something burns you.
* * * LOW HITPOINT WARNING * * *
The wraith hits you.
* * * LOW HITPOINT WARNING * * *
You hit the wraith.
The wraith is moderately damaged.
You hear some strange, mumbled words.
You feel yourself slow down. The wraith closely misses you.
You slash something! You freeze something.
You hear some strange, mumbled words.
A bolt of poison appears from out of thin air!
The bolt of poison hits you. You resist.
* * * LOW HITPOINT WARNING * * *
The wraith hits you!
* * * LOW HITPOINT WARNING * * *
The wraith drains your vigour!
You feel as though you will be slow longer.
You hear some strange, mumbled words.
A lance of force appears from out of thin air!
The lance of force hits you!!
You die...

......####.#.....#.###.........#
.?....##.......#.#.# ############
......##.#.##....#.# #.......
......##.#.........# #.#####.
......##.........#########.#.# #.
############...............#.###.
#........###########))...
#.####.......##....#.####
#####.......@....'...###.####
#........#..{W...##.## #....#
#......#.#.......##.# ###.##
#......'.##......##.######.##
#......#####....###.<.(.##.##
#......########.###.###.##.##
#......'............###.##.##
#......########..........#.##
#......# ############...


You could see a wraith.

Vanquished Creatures
  Harold (D:7)
  2 two-headed ogres
  Maggie (D:6)
  Prince Ribbit (D:6)
  A wyvern (D:8)
  3 steam dragons
  2 water moccasins
  Duvessa (D:7)
  An ice beast (D:7)
  A hornet zombie (D:7)
  A sky beast (D:6)
  A necrophage (D:6)
  An ogre (D:7)
  3 centaurs
  A phantom (D:4)
  A gnoll sergeant (D:7)
  12 scorpions
  2 bullfrogs
  Dowan (D:7)
  A wyvern skeleton (D:6)
  7 killer bees (D:8)
  The ghost of daidara the Skirmisher, a weakling DsFi (D:3)
  4 wights (D:8)
  A howler monkey (D:5)
  2 centaur zombies
  2 human zombies (Ossuary)
  8 hounds
  An orc priest (D:4)
  3 jellies
  A bullfrog skeleton (D:6)
  2 iguanas
  5 scorpion zombies (Ossuary)
  2 orc wizards (D:7)
  3 mummies (Ossuary)
  17 gnolls
  A howler monkey skeleton (D:6)
  11 adders
  2 shadow imps (D:7)
  A white imp (D:7)
  2 ufetubi
  An adder skeleton (D:4)
  3 worms
  3 dart slugs
  11 orcs
  5 endoplasms
  4 giant cockroaches
  2 gnoll zombies (Ossuary)
  6 goblins
  6 hobgoblins
  4 quokkas
  6 ball pythons
  2 bats
  A frilled lizard (D:2)
  A hobgoblin zombie (Ossuary)
  4 kobolds
  2 kobold zombies (Ossuary)
  3 orc zombies (Ossuary)
  7 rats
185 creatures vanquished.

Vanquished Creatures (others)
  A centaur zombie (D:6)
  A howler monkey zombie (D:9)
  4 plants (D:6)
6 creatures vanquished.

Grand Total: 191 creatures vanquished

Notes
Turn   | Place    | Note
-------+----------+-------------------------------------------
     0 | D:1      | senseless the Demigod Fighter began the quest for the Orb.
     0 | D:1      | Reached XP level 1. HP: 18/18 MP: 3/3
   175 | D:1      | Found Adiuj's Armour Shop.
   252 | D:1      | Found Uherphuaw's Book Boutique.
   320 | D:1      | Found Zaph's Magic Scroll Shoppe.
   328 | D:1      | Bought a scroll of noise for 10 gold pieces
   424 | D:1      | Found Axzejang's Armour Boutique.
   675 | D:1      | Found Fevoggig's Distillery.
   824 | D:1      | Reached XP level 2. HP: 25/25 MP: 4/4
  1339 | D:2      | Reached XP level 3. HP: 26/31 MP: 5/5
  2049 | D:3      | Noticed daidara's ghost (weakling DsFi)
  2050 | D:3      | Found a runed translucent door.
  2086 | D:3      | Found a transporter.
  2093 | D:3      | Found a transporter.
  2172 | D:3      | Reached XP level 4. HP: 28/38 MP: 6/6
  2561 | D:3      | Found Alifec's Assorted Antiques.
  2571 | D:3      | Bought a scroll labelled OWEZAO EJEUVA for 22 gold pieces
  2571 | D:3      | Bought a scroll labelled NOW CEOSAUJA for 22 gold pieces
  2571 | D:3      | Bought a scroll labelled XAESAVALLE for 22 gold pieces
  2571 | D:3      | Bought a scroll labelled ZOC NOTSOISTEF for 22 gold pieces
  2977 | D:3      | Killed daidara's ghost
  2978 | D:3      | Reached skill level 1 in Dodging
  3117 | D:3      | Reached skill level 1 in Throwing
  3117 | D:3      | Reached XP level 5. HP: 42/45 MP: 7/7
  3216 | D:4      | Reached skill level 1 in Short Blades
  3289 | D:4      | Reached XP level 6. HP: 51/51 MP: 8/8
  3303 | D:4      | Reached skill level 2 in Short Blades
  3910 | D:5      | Entered Level 5 of the Dungeon
  3961 | D:5      | Found Eiggiziu's Eclectic Emporium.
  3996 | D:5      | Identified the +2 ring mail of the Bulwark {rN+++ Int+2
                  | Slay-5}
  4100 | D:5      | Reached skill level 3 in Short Blades
  4150 | D:5      | Found a staircase to the Ecumenical Temple.
  4185 | D:5      | Reached XP level 7. HP: 58/58 MP: 9/9
  4749 | D:6      | Found a sand-covered staircase.
  4754 | D:6      | Reached skill level 4 in Short Blades
  4762 | Ossuary  | Entered an ossuary
  4837 | Ossuary  | Reached XP level 8. HP: 65/67 MP: 10/10
  4847 | Ossuary  | Reached skill level 5 in Armour
  4870 | Ossuary  | Reached skill level 5 in Short Blades
  5041 | Ossuary  | Reached skill level 6 in Short Blades
  5181 | D:6      | Noticed Maggie
  5182 | D:6      | Noticed Prince Ribbit
  5192 | D:6      | Killed Maggie
  5193 | D:6      | Reached skill level 5 in Fighting
  5193 | D:6      | Reached skill level 1 in Stealth
  5200 | D:6      | Killed Prince Ribbit
  5201 | D:6      | Reached XP level 9. HP: 27/74 MP: 11/11
  5301 | D:6      | Reached skill level 7 in Short Blades
  5411 | D:6      | Found Hupuf's Assorted Antiques.
  5733 | D:7      | Noticed Harold
  5745 | D:7      | Killed Harold
  5746 | D:7      | Reached skill level 5 in Shields
  5912 | D:7      | Reached skill level 8 in Short Blades
  6153 | D:7      | Noticed Duvessa
  6153 | D:7      | Noticed Dowan
  6173 | D:7      | Killed Duvessa
  6176 | D:7      | Killed Dowan
  6422 | D:7      | Got Sif Muna's Guide on Summoning
  6822 | D:8      | Reached XP level 10. HP: 81/82 MP: 13/13
  7119 | D:8      | Noticed a two-headed ogre
  7128 | D:8      | Killed a two-headed ogre
  7519 | D:9      | Noticed a two-headed ogre
  7527 | D:9      | Killed a two-headed ogre
  7619 | D:9      | Noticed Erica
  7645 | D:8      | Reached skill level 5 in Long Blades
  7718 | D:8      | Killed from afar by Erica

Illustrated notes

Levels and vault maps discovered:
D:1:      dpeg_arrival_signposts, layout_basic, serial_shops, shop,
          nicolae_square_shop, nicolae_diamond_shop, nicolae_diamond_shop,
          shop_statue, serial_park_tiny_1
D:2:      layout_loops_ring, basic_altar
D:3:      gammafunk_wand_slinger, layout_basic, serial_shops, shop,
          ebering_ecumenical_altar_petrified, gammafunk_ghost_grave,
          minmay_misc_feat_x, chequers_avenue, minivault_23,
          minmay_misc_feat_five
D:4:      layout_basic, general_overflow_altar
D:5:      layout_loops_ring, kennysheep_little_box, temple_pool_b,
          nicolae_alphabet_shops, kennysheep_generic_room_12
D:6:      layout_basic, mainiacjoe_overflow_small_starburst, enter_ossuary_1,
          serial_shops, nicolae_shop_overgrown_old_shop,
          minmay_stone_trees_small, chequers_serial_rivers_large_a,
          uniq_prince_ribbit1, uniq_maggie
D:7:      layout_loops_ring, grunt_temple_overflow_magic_moments, uniq_duvessa,
          uniq_harold
D:8:      layout_basic, gammafunk_temple_overflow_pools
D:9:      layout_rooms, orc_0_dummy, uniq_erica

Skill      XL: |  1  2  3  4  5  6  7  8  9 10 |
---------------+-------------------------------+-----
Long Blades    | 2 3 5 |  5.1
Fighting       | 3 4 5 6 |  6.4
Armour         | 3 4 5 6 |  6.5
Shields        | 3 4 5 6 |  6.3
Dodging        | 1 2 3 4 |  4.6
Throwing       | 1 |  1.7
Short Blades   | 1 3 4 6 8 |  8.5
Stealth        | 1 2 |  2.1

Action                   |  1- 3 |  4- 6 |  7- 9 | 10-12 || total
-------------------------+-------+-------+-------+-------++-------
Melee: Long sword        |    87 |       |       |       ||    87
       Rapier            |     9 |   110 |   381 |       ||   500
       Scimitar          |       |       |     5 |   100 ||   105
Throw: Boomerang         |    31 |    22 |       |       ||    53
  Use: Scroll            |       |    10 |    12 |     1 ||    23
       Potion            |       |     1 |     1 |     2 ||     4
 Stab: Sleeping          |       |       |     1 |       ||     1
Armor: Scale mail        |    43 |    46 |    65 |       ||   154
       Acid dragon scale |       |       |    55 |    57 ||   112
       Skin              |       |       |     3 |       ||     3
Dodge: Dodged            |    23 |    19 |   111 |    78 ||   231
Block: Kite shield       |    46 |    42 |   172 |    92 ||   352

Table legend: (Time is in decaauts)
 A = Elapsed time spent in this place.
 B = Non-inter-level travel time spent in this place.
 C = Inter-level travel time spent in this place.
 D = Time resting spent in this place.
 E = Time spent auto-exploring this place.
 F = Levels seen in this place.
 G = Mean time per level.
                   A        B        C        D        E       F      G
               +--------+--------+--------+--------+--------+-----+--------+
         Total |   7909 |   7715 |    194 |    281 |   5607 |  10 |  790.9 |
       Dungeon |   7540 |   7346 |    194 |    281 |   5486 |   9 |  837.8 |
       Ossuary |    368 |    368 |      0 |      0 |    121 |   1 |  368.0 |
               +--------+--------+--------+--------+--------+-----+--------+

Top non-repeatable levels by time:
     D:3: 1226 daAuts
     D:8: 1014 daAuts
     D:2: 990 daAuts
     D:1: 976 daAuts
     D:7: 866 daAuts
     D:4: 820 daAuts
     D:6: 756 daAuts
     D:5: 719 daAuts
 Ossuary: 368 daAuts
     D:9: 171 daAuts
